 Dungeon Crawl Stone Soup version 0.28-a0-1404-g4df0f3684d (webtiles) character file.

Game seed: 18040912887877973714

1027 fragbeetle the Ruffian (level 8, 0/82 HPs)
             Began as a Pale Draconian Transmuter on Jan 6, 2022.
             Succumbed to a water moccasin's poison
             ... on level 5 of the Dungeon.
             The game lasted 00:14:17 (5037 turns).

fragbeetle the Ruffian (Pale Draconian Transmuter)  Turns: 5037, Time: 00:14:18

Health: 0/82       AC: 24    Str: 14 (15) XL:     8   Next: 3%
Magic:  6/12       EV:  2    Int: 12 (13) God:
Gold:   263        SH:  5    Dex: 11 (12) Spells: 4/12 levels left

rFire   . . .      SeeInvis .     - Unarmed
rCold   + . .      Faith    .   (no shield)
rNeg    . . .      Spirit   .   (armour unavailable)
rPois   +          Reflect  +   (helmet currently unavailable)
rElec   .          Harm     .   (cloak currently unavailable)
rCorr   .          Rampage  .   (gloves currently unavailable)
Will    .....      NoTele   +   (boots currently unavailable)
Stlth   ++........              q - amulet of reflection
HPRegen 0.23/turn               s - ring of protection from cold
MPRegen 0.13/turn               (no ring)

@: mighty, brilliant, lethally poisoned (0 -> -2), tree-form, very slightly
contaminated, studying Stealth, invisible
A: stationary, stasis, torment immunity, boosted hp, (breathe steam), AC +6,
unfitting armour, (cold-blooded), (steam resistance), frail 1, wild magic 1
a: no special abilities


You were on level 5 of the Dungeon.
You were a tree.
You visited 1 branch of the dungeon, and saw 5 of its levels.

You collected 263 gold pieces.

Inventory:

Missiles
 b - 70 stones (quivered)
Armour
 p - a +0 pair of gloves (melded)
Magical Staves
 h - a staff of fire
Jewellery
 e - an amulet of magic regeneration
 m - an amulet of guardian spirit
 q - an amulet of reflection (around neck)
 s - a ring of protection from cold (left branch)
Wands
 n - a wand of flame (14)
Scrolls
 d - a scroll of fog {unknown}
 l - a scroll of identify {unknown}
 r - 2 scrolls of teleportation {unknown}
Potions
 c - 3 potions of brilliance


   Skills:
 + Level 2.6 Fighting
 + Level 3.4 Dodging
 + Level 3.4 Stealth
 * Level 5.5 Unarmed Combat
 + Level 2.8 Spellcasting
 + Level 4.4 Transmutations
 * Level 2.9 Ice Magic
 + Level 2.6 Poison Magic


You had 4 spell levels left.
You knew the following spells:

 Your Spells              Type           Power      Damage    Failure   Level
a - Beastly Appendage     Tmut           48%        N/A       7%          1
b - Spider Form           Tmut/Pois      20%        N/A       24%         3
c - Ice Form              Ice/Tmut       20%        N/A       58%         4

Your spell library contained the following spells:

 Spells                   Type           Power      Damage    Failure   Level
 Wereblood                Tmut           24%        N/A       10%         2
 Frozen Ramparts          Ice            34%        1d5       30%         3
 Ozocubu's Armour         Ice            17%        N/A       30%         3
 Shock                    Conj/Air       12%        1d3       34%         1
 Summon Ice Beast         Ice/Summ       10%        N/A       86%         4
 Ozocubu's Refrigeration  Ice            8%         4d6       100%        7


Dungeon Overview and Level Annotations

Branches:
Dungeon (5/15)
 Temple: D:4-7

Altars:

Shops:
D:5 =


Innate Abilities, Weirdness & Mutations

You are a tree.
Your roots penetrate the ground, keeping you stationary.
You cannot be teleported.
You are immune to unholy pain and torment.
Your maximum health is greatly increased.
Your equipment is partially melded.
((You can breathe blasts of scalding, opaque steam.))
((Your pale cyan-grey scales are hard. (AC +6)))
You cannot fit into any form of body armour.
((You are cold-blooded and may be slowed by cold attacks.))
((You are immune to the effects of steam.))
You are frail. (-10% HP)
Your spells are a little harder to cast, but a little more powerful.


Message History

You are lethally poisoned!
The water moccasin poisons you!
You punch the water moccasin!
The water moccasin seems to slow down.
You freeze the water moccasin.
You kill the water moccasin!
* * * LOW HITPOINT WARNING * * *
You feel sick.
You have reached level 8!
You feel stronger.
There is a lethal amount of poison in your body!
There is a lethal amount of poison in your body!
There is a lethal amount of poison in your body!
It was a potion of degeneration.
There was something very wrong with that liquid.
You feel weakened.
You feel dopey.
You feel clumsy.
* * * LOW HITPOINT WARNING * * *
You feel sick.
It was a potion of might.
You feel very mighty all of a sudden.
* * * LOW HITPOINT WARNING * * *
You feel sick.
It was a potion of lignification.
You warm up again.
Your +0 pair of gloves unmelds from your body.
You turn into a tree.
Your +0 pair of gloves melds into your body.
Your roots penetrate the ground.
* * * LOW HITPOINT WARNING * * *
You feel sick.
It was a potion of mutation.
You feel extremely strange.
You feel frail.
You feel less in control of your magic.
* * * LOW HITPOINT WARNING * * *
You feel sick.
It was a potion of invisibility.
You fade into invisibility!
* * * LOW HITPOINT WARNING * * *
You feel sick.
There is a lethal amount of poison in your body!
There is a lethal amount of poison in your body!
You die...

..#..........##...........
....#.....................
##..##........##....#
#...#.......#####.##
#....#.##.#.#.# #..#
##....#........###.##
#................#..## ..
...#.#........)...)..## ...
...#.##......#..♣#....######.###
#..#.##..........####).#.......#
#.....##.#.......##.#..........##
......##)#.....>..>............#.
........).....###................
#.............###................
#.......##.#...##..............#
#.......####...................#
##......# #...................#


There were no monsters in sight!

Vanquished Creatures
  A water moccasin (D:5)
  2 ogres (D:5)
  A necrophage (D:5)
  A water moccasin zombie (D:5)
  A water moccasin skeleton (D:5)
  A hound (D:5)
  A jelly (D:5)
  2 bullfrog zombies
  6 iguanas
  Natasha (thrice) (D:2)
  7 gnolls
  3 adders
  A shadow imp (D:5)
  A worm (D:4)
  4 dart slugs
  2 orcs
  7 bats
  6 endoplasms
  A giant cockroach (D:1)
  11 goblins
  10 hobgoblins
  3 jackals (D:2)
  8 kobolds
  5 quokkas
  10 ball pythons
  6 frilled lizards
  2 rats
106 creatures vanquished.

Notes
Turn   | Place    | Note
-------+----------+-------------------------------------------
     0 | D:1      | fragbeetle the Draconian Transmuter began the quest for the
                  | Orb.
     0 | D:1      | Reached XP level 1. HP: 16/16 MP: 3/3
   209 | D:1      | Reached XP level 2. HP: 23/23 MP: 3/5
   554 | D:1      | Found a faded altar of an unknown god.
   559 | D:1      | Got Plato's Reference Book on the Birds
  1007 | D:1      | Reached XP level 3. HP: 28/28 MP: 4/6
  1231 | D:2      | Learned a level 3 spell: Spider Form
  1339 | D:2      | Noticed Natasha
  1356 | D:2      | Killed Natasha
  1598 | D:2      | Noticed Natasha
  1603 | D:2      | Killed Natasha
  1604 | D:2      | Reached XP level 4. HP: 27/35 MP: 7/7
  1879 | D:2      | Reached skill level 4 in Unarmed Combat
  2251 | D:2      | Reached skill level 1 in Poison Magic
  2616 | D:2      | Noticed Natasha
  2627 | D:2      | Killed Natasha
  2628 | D:2      | Reached skill level 1 in Stealth
  2628 | D:2      | Reached XP level 5. HP: 29/40 MP: 8/8
  3328 | D:4      | Learned a level 4 spell: Ice Form
  3696 | D:4      | Reached XP level 6. HP: 44/47 MP: 3/9
  4045 | D:4      | Reached skill level 1 in Ice Magic
  4349 | D:5      | Entered Level 5 of the Dungeon
  4411 | D:5      | Your scales start taking on a pale cyan-grey colour.
  4411 | D:5      | Reached XP level 7. HP: 50/53 MP: 3/10
  4411 | D:5      | Gained mutation: You are immune to the effects of steam.
                  | [Pale Draconian growth]
  4451 | D:5      | Reached skill level 5 in Unarmed Combat
  4992 | D:5      | Found Yrojinn's Jewellery Shoppe.
  5022 | D:5      | HP: 1/67 [water moccasin (6)]
  5032 | D:5      | Reached XP level 8. HP: 5/62 MP: 5/12
  5032 | D:5      | HP: 3/74 [poisoned by a water moccasin]
  5035 | D:5      | Gained mutation: You are frail. (-10% HP) [potion of
                  | mutation]
  5035 | D:5      | Gained mutation: Your spells are a little harder to cast,
                  | but a little more powerful. [potion of mutation]
  5035 | D:5      | HP: 1/82 [poisoned by a water moccasin]
  5037 | D:5      | Succumbed to a water moccasin's poison

Illustrated notes

Levels and vault maps discovered:
D:1:      wander_arrival_estate, layout_loops_cross,
          shapermc_ecumenical_altar_rom_forum, dk_noncrumbling_4,
          bh_walls_and_bars
D:2:      layout_loops_corners, minmay_tetromino_i2, uniq_natasha
D:3:      layout_rooms, minmay_crystal_room, grunt_decor_arrowhead, minivault_19
D:4:      layout_basic, minmay_goblin_outpost
D:5:      minmay_diamond_boxcup, layout_cave_pools, minmay_temple_entry_fiery,
          serial_shops, shop_statue, kennysheep_dice

Skill      XL: |  1  2  3  4  5  6  7 |
---------------+----------------------+-----
Dodging        | 2 3 |  3.4
Transmutations | 3 4 |  4.4
Unarmed Combat | 4 5 |  5.5
Poison Magic   | 1 2 |  2.6
Stealth        | 1 2 3 |  3.4
Ice Magic      | 1 2 |  2.9
Fighting       | 2 |  2.6
Spellcasting   | |  2.8

Action                   |  1- 3 |  4- 6 |  7- 9 || total
-------------------------+-------+-------+-------++-------
Melee: Unarmed           |    86 |   172 |    62 ||   320
       Kick              |    19 |    27 |     7 ||    53
       Headbutt          |    12 |    10 |     8 ||    30
       Tailslap          |    11 |     5 |     4 ||    20
       Punch             |     1 |     4 |       ||     5
Throw: Dart              |       |     4 |     5 ||     9
       Stone             |       |       |     3 ||     3
 Cast: Beastly Appendage |    29 |    34 |     3 ||    66
       Spider Form       |       |     7 |     5 ||    12
       Ice Form          |       |       |     1 ||     1
  Use: Potion            |       |       |     7 ||     7
 Stab: Sleeping          |     1 |     1 |       ||     2
Armor: Skin              |    27 |    35 |     9 ||    71
Dodge: Dodged            |    52 |   122 |    45 ||   219
Block: Other             |       |    18 |    12 ||    30
       Reflection        |       |     3 |       ||     3

Table legend: (Time is in decaauts)
 A = Elapsed time spent in this place.
 B = Non-inter-level travel time spent in this place.
 C = Inter-level travel time spent in this place.
 D = Time resting spent in this place.
 E = Time spent auto-exploring this place.
 F = Levels seen in this place.
 G = Mean time per level.
                   A        B        C        D        E       F      G
               +--------+--------+--------+--------+--------+-----+--------+
         Total |   5028 |   4914 |    114 |    577 |   2788 |   5 | 1005.6 |
       Dungeon |   5028 |   4914 |    114 |    577 |   2788 |   5 | 1005.6 |
               +--------+--------+--------+--------+--------+-----+--------+

Top non-repeatable levels by time:
     D:2: 1492 daAuts
     D:1: 1207 daAuts
     D:4: 1086 daAuts
     D:5: 679 daAuts
     D:3: 562 daAuts
